 Dungeon Crawl Stone Soup version 0.22.0-38-g04b72b8c25 (webtiles) character file.

592 LLavrengius the Stinger (level 7, -7/41 HPs)
             Began as a Deep Elf Venom Mage on Aug 31, 2018.
             Was an Initiate of Kikubaaqudgha.
             Shot with an arrow by a centaur (12 damage)
             ... on level 5 of the Dungeon.
             The game lasted 00:39:27 (5592 turns).

LLavrengius the Stinger (Deep Elf Venom Mage)       Turns: 5592, Time: 00:39:28

Health: -7/41      AC:  4    Str:  7    XL:     7   Next: 16%
Magic:  4/14       EV: 13    Int: 20    God:    Kikubaaqudgha [......]
Gold:   195        SH:  0    Dex: 15    Spells: 2/13 levels left

rFire    . . .     SeeInvis .   n - +0 hunting sling
rCold    . . .     Gourm    +   (no shield)
rNeg     . . .     Faith    .   e - +0 robe (curse)
rPois    .         Spirit   .   B - +0 helmet (curse)
rElec    .         Reflect  .   (no cloak)
rCorr    .         Harm     .   b - +0 pair of gloves
MR       .....                  (no boots)
Stlth    +++.......             l - amulet of the gourmand
HPRegen  0.13/turn              g - ring of stealth
MPRegen  0.14/turn              (no ring)

@: very slightly contaminated
A: no striking features
a: Renounce Religion


You were on level 5 of the Dungeon.
You worshipped Kikubaaqudgha.
Kikubaaqudgha was noncommittal.
You were very full.

You visited 2 branches of the dungeon, and saw 6 of its levels.

You collected 195 gold pieces.

Inventory:

Hand Weapons
 h - a +2 dagger of holy wrath
 n - a +0 hunting sling (weapon)
 t - a cursed -3 dagger
 w - a +0 blowgun
Missiles
 f - 176 stones
 p - 25 sling bullets (quivered)
 r - 52 arrows
 s - 7 needles of sleeping
 x - 18 poisoned needles
 C - 4 silver javelins
Armour
 b - a +0 pair of gloves (worn)
 e - a cursed +0 robe (worn)
 B - a cursed +0 helmet (worn)
Jewellery
 g - a ring of stealth (left hand)
 l - an amulet of the gourmand (around neck)
 u - a +5 amulet of reflection {unknown}
 y - a +4 ring of intelligence {unknown}
 E - an uncursed amulet of faith {unknown}
Wands
 D - a wand of disintegration (9)
Scrolls
 d - 6 scrolls of identify {unknown}
 j - 4 scrolls of amnesia {unknown}
 k - 2 scrolls of enchant armour {unknown}
 q - 2 scrolls of remove curse {unknown}
 v - 2 scrolls of magic mapping {unknown}
 A - a scroll of teleportation {unknown}
 F - a scroll of blinking {unknown}
 G - a scroll of fear {unknown}
Potions
 a - a potion of curing {unknown}
 i - 2 potions of heal wounds
 m - a potion of flight {unknown}
 o - a potion of mutation {unknown}
 z - a potion of might {unknown}
Comestibles
 c - 7 rations


   Skills:
 + Level 3.2 Fighting
 - Level 3.0 Dodging
 - Level 2.4 Stealth
 + Level 3.7 Spellcasting
 + Level 4.5 Conjurations
 + Level 1.5 Fire Magic
 - Level 5.4 Poison Magic


You had 2 spell levels left.
You knew the following spells:

 Your Spells              Type           Power        Failure   Level  Hunger
a - Sting                 Conj/Pois      ###.         1%          1    None
b - Poisonous Vapours     Pois/Air       ##....       7%          2    ##.....
c - Mephitic Cloud        Conj/Pois/Air  ###.....     10%         3    ###....
d - Throw Flame           Conj/Fire      ###...       5%          2    ##.....
e - Conjure Flame         Conj/Fire      ###.....     11%         3    ###....

Your spell library contained the following spells:

 Spells                   Type           Power        Failure   Level  Hunger
 Flame Tongue             Conj/Fire      ###..        3%          1    None
 Olgreb's Toxic Radiance  Pois           ####....     14%         4    ####...
 Inner Flame              Hex/Fire       #.......     28%         3    ###....
 Sticky Flame             Conj/Fire      ###.....     36%         4    ####...
 Venom Bolt               Conj/Pois      ###.......   43%         5    ######.
 Fireball                 Conj/Fire      ###.......   71%         5    ######.


Dungeon Overview and Level Annotations

Branches:
Dungeon (5/15)             Temple (1/1) D:4

Altars:
Ashenzari
Cheibriados
Dithmenos
Elyvilon
Fedhas
Hepliaklqana
Kikubaaqudgha
Makhleb
Nemelex Xobeh
Okawaru
Ru
Sif Muna
Trog
Vehumet
Xom
Yredelemnul
Zin
The Shining One


Message History

The centaur shoots an arrow.
The arrow barely misses you. The water moccasin barely misses you.
The centaur shoots an arrow.
The arrow hits you!
The water moccasin bites you but does no damage.
The centaur shoots an arrow.
The arrow barely misses you. The water moccasin misses you.
You see here an arrow.
The centaur shoots an arrow.
The arrow hits you!
The centaur shoots an arrow.
The arrow closely misses you.
You see here 2 arrows.
The centaur shoots an arrow.
The arrow hits you. The water moccasin bites you.
The centaur shoots an arrow.
The arrow hits you!
* * * LOW HITPOINT WARNING * * *
The centaur shoots an arrow.
The arrow hits you.
* * * LOW HITPOINT WARNING * * *
The centaur shoots an arrow.
The arrow barely misses you.
You see here 2 arrows.
The centaur shoots an arrow.
The arrow hits you!
You die...
Kikubaaqudgha rasps: "You have failed me!
Welcome... death!"

#..#(.#
###.....# ###
....#(..####...
........c...####
#..............
#.............
#†....)....#
#..........#
#(((..S@...#
############


You could see a water moccasin and a centaur.

Vanquished Creatures
  A scorpion (D:4)
  A bullfrog zombie (D:5)
  A quasit (D:3)
  2 hounds
  An orc priest (D:5)
  A jelly (D:3)
  3 orc wizards
  Jessica (D:3)
  Terence (D:3)
  3 worker ants
  Robin (D:3)
  2 adders
  An ooze (D:3)
  3 worms
  3 dart slugs
  5 leopard geckos
  10 orcs
  7 bats
  7 giant cockroaches
  11 goblins
  13 hobgoblins
  2 jackals (D:4)
  4 quokkas
  2 ball pythons (D:5)
  4 frilled lizards
  8 kobolds
  6 rats (D:1)
104 creatures vanquished.

Notes
Turn   | Place    | Note
-------+----------+-------------------------------------------
     0 | D:1      | LLavrengius the Deep Elf Venom Mage began the quest for the Orb.
     0 | D:1      | Reached XP level 1. HP: 10/10 MP: 6/6
   253 | D:1      | Reached XP level 2. HP: 16/16 MP: 5/8
   257 | D:1      | Learned a level 2 spell: Poisonous Vapours
   896 | D:1      | Reached XP level 3. HP: 19/20 MP: 4/9
   929 | D:1      | Reached skill level 1 in Fighting
  1205 | D:2      | Reached skill level 4 in Poison Magic
  1543 | D:2      | Reached XP level 4. HP: 25/25 MP: 7/10
  2137 | D:3      | Noticed Terence
  2151 | D:3      | Killed Terence
  2271 | D:3      | Noticed Robin
  2641 | D:3      | Noticed Jessica
  2644 | D:3      | Killed Jessica
  2644 | D:3      | Reached XP level 5. HP: 14/30 MP: 6/11
  3262 | D:3      | Killed Robin
  3790 | D:4      | Noticed a yak
  3916 | D:4      | Reached skill level 5 in Poison Magic
  3916 | D:4      | Reached XP level 6. HP: 36/36 MP: 5/12
  4178 | D:4      | Found a staircase to the Ecumenical Temple.
  4198 | D:4      | Found a glowing golden altar of the Shining One.
  4205 | D:4      | Found a radiant altar of Vehumet.
  4226 | Temple   | Entered the Ecumenical Temple
  4309 | Temple   | Became a worshipper of Kikubaaqudgha
  4665 | D:3      | Learned a level 3 spell: Mephitic Cloud
  4830 | D:4      | Learned a level 2 spell: Throw Flame
  4834 | D:4      | Learned a level 3 spell: Conjure Flame
  4963 | D:4      | Noticed a yak
  4963 | D:4      | Noticed a yak
  4972 | D:5      | Entered Level 5 of the Dungeon
  5074 | D:5      | Reached skill level 1 in Fire Magic
  5187 | D:5      | Reached XP level 7. HP: 40/41 MP: 2/14
  5592 | D:5      | Shot with an arrow by a centaur

Skill      XL: |  1  2  3  4  5  6 |
---------------+-------------------+-----
Dodging        | 3 |  3.0
Fighting       | 1 2 3 |  3.2
Conjurations   | 2 3 4 |  4.5
Poison Magic   | 4 5 |  5.4
Fire Magic     | 1 |  1.5
Stealth        | |  2.4
Spellcasting   | |  3.7

Action                   |  1- 3 |  4- 6 |  7- 9 || total
-------------------------+-------+-------+-------++-------
Melee: Dagger            |     7 |    33 |       ||    40
       Short sword       |     4 |       |       ||     4
 Fire: Hunting sling     |       |    41 |     3 ||    44
Throw: Stone             |       |     1 |       ||     1
 Cast: Sting             |    17 |       |       ||    17
       Poisonous Vapours |    28 |    86 |    10 ||   124
       Throw Flame       |       |     2 |     4 ||     6
       Conjure Flame     |       |     1 |       ||     1
       Mephitic Cloud    |       |     1 |       ||     1
  Use: Potion            |       |     1 |       ||     1
 Stab: Sleeping          |     2 |     1 |       ||     3
  Eat: Chunk             |     3 |    23 |       ||    26
Armor: Robe              |     5 |    28 |     4 ||    37
Dodge: Dodged            |    11 |    71 |    14 ||    96
